 Dungeon Crawl Stone Soup version 0.31-a0-152-g6aa68a64a1 (webtiles) character file.

Game seed: 11365242220207358483

671 qw the Trooper (level 7, 0/70 HPs)
             Began as a Naga Hunter on June 10, 2023.
             Slain by a lemure (6 damage)
             ... led by Pikel
             ... on level 4 of the Dungeon.
             The game lasted 00:01:12 (2930 turns).

qw the Trooper (Naga Hunter)                        Turns: 2930, Time: 00:01:12

Health: 0/70       AC:  5    Str: 14    XL:     7   Next: 58%
Magic:  7/7        EV:  9    Int:  9    God:
Gold:   209        SH:  5    Dex: 16    Spells: 6/6 levels left

rFire   . . .        Y - +1 shortbow
rCold   . . .        (shield currently unavailable)
rNeg    . . .        c - +0 leather armour
rPois   +            f - +0 helmet
rElec   .            h - +0 cloak
rCorr   .            (no gloves)
SInv    +            (no barding)
Will    .....        e - amulet of reflection
Stlth   ++           (no ring)
HPRegen 0.31/turn    (no ring)
MPRegen 0.10/turn

%: reflection
@: about to teleport, very slow
A: AC +2, large, see invisible, deformed body, poison resistance, slowness 2,
spit poison 1, naga tail 1
a: Spit Poison


You were on level 4 of the Dungeon.
You visited 1 branch of the dungeon, and saw 4 of its levels.

You collected 209 gold pieces.


Innate Abilities, Weirdness & Mutations

Your serpentine skin is tough. (AC +2)
You have supernaturally acute eyesight. (SInv)
Armour fits poorly on your strangely shaped body.
Your system is resistant to poisons. (rPois)
You cover ground very slowly.
You can spit poison.
You have a snake-like lower body.


   Skills:
 - Level 6.5 Fighting
 + Level 5.9 Ranged Weapons
 - Level 1.5 Dodging
 - Level 1.5 Stealth


You had 6 spell levels left.
You didn't know any spells.
Your spell library was empty.

Inventory:

Hand Weapons
 Y - a +1 shortbow (weapon)
Armour
 c - a +0 leather armour (worn)
 f - a +0 helmet (worn)
 h - a +0 cloak (worn)
 p - a +4 ring mail
Jewellery
 e - an amulet of reflection (around neck)
 q - a +4 ring of protection
Wands
 a - a wand of digging (6)
Scrolls
 m - a scroll of poison {unknown}
 o - a scroll of identify
Potions
 b - a potion of berserk rage {unknown}
 d - a potion of resistance {unknown}
 g - 4 potions of curing
 i - a potion of attraction {unknown}
 j - a potion of magic {unknown}
 k - a potion of haste {unknown}
 l - a potion of cancellation {unknown}

Dungeon Overview and Level Annotations

Branches:
Dungeon (4/15)
 Temple: D:4-7

Altars:
Fedhas
Hepliaklqana
Kikubaaqudgha

Annotations:
D:4 Pikel


Message History

Pikel hits you with a +1 whip of freezing.
Pikel freezes you. The lemure barely misses you. The lemure hits you.
You shoot an arrow.
The arrow hits Pikel but does no damage.
Pikel is lightly wounded.
Pikel looks more healthy.
You block the black bear's attack.
The black bear claws you but does no damage. x2
Pikel closely misses you. The lemure hits you.
The lemure hits you but does no damage. The lemure hits you.
The lemure hits you but does no damage. You block Pikel's attack.
The black bear bites you but does no damage.
The black bear claws you. x2
You shoot an arrow.
The arrow hits Pikel but does no damage.
Pikel is lightly wounded.
The black bear closely misses you. You block the black bear's attack.
The black bear claws you. Pikel hits you but does no damage.
The lemure hits you.
You shoot an arrow. The arrow closely misses Pikel.
The black bear closely misses you. x2
The black bear claws you but does no damage.
The lemure hits you. The lemure hits you but does no damage.
You block the kobold's attack. Pikel completely misses you.
The lemure completely misses you.
You shoot an arrow. The arrow hits Pikel!
Pikel is moderately wounded.
You have got your breath back.
The lemure hits you. You block the black bear's attack.
The black bear claws you but does no damage.
The black bear closely misses you. The lemure hits you.
You block the lemure's attack. You block the kobold's attack.
Pikel closely misses you. The lemure hits you.
2930 ||| READING scroll of teleportation.
As you read the scroll of teleportation, it crumbles to dust.
You feel strangely unstable. You block the lemure's attack.
You block the black bear's attack.
The black bear claws you. x2; The lemure hits you.
The lemure closely misses you.
The kobold hits you with a +0 short sword.
Pikel barely misses you. The lemure hits you.
You die...

...............#...#.#..........#
..............)#....#.##......##.
...<...........##....##.#....#.##
.##########..........#.#.#..#.#.#
.#...#....#...........#.##..##.#.
.#...'....#............##....##..
.#...#....#......................
.#...####'#....5.K...............
.#...#.....)...5@5.....##....##..
.#...#.........5Kh....#.##..##.#.
.#)..#...............#.#.#..#.#.#
.#)..#...............##.#....# ##
.#...#..............#.##.....
.#...#.....####.#..#. ......
.#...#.....# #.#..##. .
.#...#.....# #.#.#. .. .#...#


You could see Pikel, a black bear, 4 lemures and a kobold.

Vanquished Creatures
  An oklob plant (D:3)
  An ogre (D:4)
  A hound (D:4)
  A gnoll (D:4)
  4 adders
  4 worms
  3 dart slugs
  4 bats
  6 endoplasms
  13 giant cockroaches
  9 goblins
  7 hobgoblins
  5 quokkas
  4 ball pythons
  2 frilled lizards
  6 kobolds
  4 rats
75 creatures vanquished.

Notes
Turn   | Place    | Note
-------+----------+-------------------------------------------
     0 | D:1      | qw the Naga Hunter began the quest for the Orb.
     0 | D:1      | Reached XP level 1. HP: 19/19 MP: 1/1
     0 | D:1      | 0 ||| qw: Version: 0.2-a-122-gbc61b45
     0 | D:1      | 0 ||| qw: Game counter: 3514
     0 | D:1      | 0 ||| qw: Always use a shield: true
     0 | D:1      | 0 ||| qw: God list: Okawaru
     0 | D:1      | 0 ||| qw: Allow faded altars: false
     0 | D:1      | 0 ||| qw: Do Orc after D:15 true
     0 | D:1      | 0 ||| qw: Do second Lair branch before Depths: true
     0 | D:1      | 0 ||| qw: Lair rune preference: random
     0 | D:1      | 0 ||| qw: Plans: Normal
     0 | D:1      | 0 ||| PLANNING D:1-11
    37 | D:1      | 37 ||| INVOKING Spit Poison.
   130 | D:1      | 130 ||| INVOKING Spit Poison.
   138 | D:1      | 138 ||| INVOKING Spit Poison.
   198 | D:1      | 198 ||| INVOKING Spit Poison.
   230 | D:1      | 230 ||| INVOKING Spit Poison.
   231 | D:1      | Reached XP level 2. HP: 26/26 MP: 2/2
   234 | D:1      | 234 ||| INVOKING Spit Poison.
   245 | D:1      | 245 ||| INVOKING Spit Poison.
   279 | D:1      | 279 ||| INVOKING Spit Poison.
   302 | D:1      | 302 ||| INVOKING Spit Poison.
   321 | D:1      | 321 ||| INVOKING Spit Poison.
   330 | D:1      | 330 ||| INVOKING Spit Poison.
   333 | D:1      | 333 ||| INVOKING Spit Poison.
   351 | D:1      | 351 ||| INVOKING Spit Poison.
   358 | D:1      | 358 ||| INVOKING Spit Poison.
   369 | D:1      | 369 ||| INVOKING Spit Poison.
   378 | D:1      | 378 ||| INVOKING Spit Poison.
   593 | D:1      | 593 ||| UPGRADING to +0 helmet.
   598 | D:1      | 598 ||| UPGRADING to +0 cloak.
   603 | D:1      | 603 ||| UPGRADING to amulet of reflection.
   608 | D:1      | 608 ||| READING scroll labelled RAAJOCURIAN.
   609 | D:1      | 609 ||| DROPPING scroll of butterflies.
   624 | D:2      | 624 ||| INVOKING Spit Poison.
   625 | D:2      | Reached XP level 3. HP: 32/32 MP: 3/3
   670 | D:2      | 670 ||| INVOKING Spit Poison.
   674 | D:2      | 674 ||| INVOKING Spit Poison.
   699 | D:2      | 699 ||| INVOKING Spit Poison.
   826 | D:2      | 826 ||| INVOKING Spit Poison.
   830 | D:2      | 830 ||| INVOKING Spit Poison.
   899 | D:2      | 899 ||| INVOKING Spit Poison.
   986 | D:2      | 986 ||| INVOKING Spit Poison.
  1035 | D:2      | 1035 ||| INVOKING Spit Poison.
  1039 | D:2      | 1039 ||| INVOKING Spit Poison.
  1042 | D:2      | 1042 ||| INVOKING Spit Poison.
  1044 | D:2      | HP: 7/32 [kobold/+0 short sword (2)]
  1045 | D:2      | 1045 ||| INVOKING Spit Poison.
  1045 | D:2      | HP: 1/32 [endoplasm (3)]
  1050 | D:2      | 1050 ||| INVOKING Spit Poison.
  1397 | D:2      | 1397 ||| READING scroll labelled TOICOL YREIWK.
  1398 | D:2      | 1398 ||| READING scroll labelled IRYW PEUFINO.
  1399 | D:2      | 1399 ||| READING scroll labelled NIKUTA YPUA.
  1400 | D:2      | 1400 ||| READING scroll labelled TUSMINT AMUST.
  1401 | D:2      | 1401 ||| READING scroll labelled CALODO QEEG.
  1402 | D:2      | 1402 ||| DRINKING 3 purple potions.
  1450 | D:3      | 1450 ||| INVOKING Spit Poison.
  1456 | D:3      | 1456 ||| INVOKING Spit Poison.
  1542 | D:3      | 1542 ||| INVOKING Spit Poison.
  1548 | D:3      | 1548 ||| INVOKING Spit Poison.
  1551 | D:3      | Reached XP level 4. HP: 39/39 MP: 4/4
  1592 | D:3      | 1592 ||| INVOKING Spit Poison.
  1598 | D:3      | 1598 ||| INVOKING Spit Poison.
  1608 | D:3      | 1608 ||| INVOKING Spit Poison.
  1613 | D:3      | 1613 ||| INVOKING Spit Poison.
  1618 | D:3      | 1618 ||| INVOKING Spit Poison.
  1640 | D:3      | 1640 ||| INVOKING Spit Poison.
  1666 | D:3      | Found a blossoming altar of Fedhas.
  1685 | D:3      | Noticed an oklob plant
  1686 | D:3      | 1686 ||| READING scroll labelled EWUDAH WOWY.
  1758 | D:3      | Killed an oklob plant
  1759 | D:3      | Reached skill level 6 in Fighting
  1759 | D:3      | Reached XP level 5. HP: 56/56 MP: 5/5
  1759 | D:3      | Reached XP level 6. HP: 63/63 MP: 6/6
  1759 | D:3      | Reached XP level 7. HP: 70/70 MP: 7/7
  1821 | D:3      | 1821 ||| INVOKING Spit Poison.
  1833 | D:3      | Found a faded altar of an unknown god.
  1834 | D:3      | 1834 ||| INVOKING Spit Poison.
  1886 | D:3      | 1886 ||| INVOKING Spit Poison.
  2400 | D:3      | 2400 ||| READING scroll labelled JEVYPH PAEM.
  2456 | D:4      | 2456 ||| INVOKING Spit Poison.
  2459 | D:4      | 2459 ||| INVOKING Spit Poison.
  2487 | D:4      | 2487 ||| INVOKING Spit Poison.
  2510 | D:4      | 2510 ||| INVOKING Spit Poison.
  2511 | D:4      | 2511 ||| INVOKING Spit Poison.
  2514 | D:4      | 2514 ||| INVOKING Spit Poison.
  2547 | D:4      | Identified the +5 battleaxe "Jeet Jann" {drain, rPois Dex+3
                  | SInv}
  2588 | D:4      | 2588 ||| INVOKING Spit Poison.
  2598 | D:4      | 2598 ||| INVOKING Spit Poison.
  2602 | D:4      | Found a hazy altar of Hepliaklqana.
  2609 | D:4      | 2609 ||| INVOKING Spit Poison.
  2712 | D:4      | 2712 ||| INVOKING Spit Poison.
  2725 | D:4      | 2725 ||| INVOKING Spit Poison.
  2735 | D:4      | 2735 ||| INVOKING Spit Poison.
  2747 | D:4      | 2747 ||| INVOKING Spit Poison.
  2835 | D:4      | Found an ancient bone altar of Kikubaaqudgha.
  2888 | D:4      | 2888 ||| INVOKING Spit Poison.
  2916 | D:4      | Noticed Pikel
  2918 | D:4      | 2918 ||| INVOKING Spit Poison.
  2921 | D:4      | 2921 ||| INVOKING Spit Poison.
  2924 | D:4      | 2924 ||| INVOKING Spit Poison.
  2929 | D:4      | HP: 16/70 [lemure[Pikel] (2)]
  2930 | D:4      | 2930 ||| READING scroll of teleportation.
  2930 | D:4      | HP: 6/70 [kobold/+0 short sword (3)]
  2930 | D:4      | Slain by a lemure

Levels and vault maps discovered:
D:1:      minmay_arrival_loop, layout_loops_ring
D:2:      kennysheep_big_flooded_room, layout_loops_cross
D:3:      minmay_roachtagon, layout_loops_ring, tgw_fedhas,
          hellmonk_ecumenical_altar_pennies_from_heaven
D:4:      layout_gridville, lemuel_tele_altar, minmay_misc_feat_secret_circle,
          minmay_ruined_shrine, uniq_pikel

Skill      XL: |  1  2  3  4 |
---------------+-------------+-----
Ranged Weapons | 4 5 |  5.9
Fighting       | 6 |  6.5
Dodging        | |  1.5
Stealth        | |  1.5

Action                     |  1- 3 |  4- 6 |  7- 9 || total
---------------------------+-------+-------+-------++-------
   Fire: Shortbow          |    63 |    90 |    48 ||   201
Ability: Spit Poison       |    33 |     6 |    19 ||    58
    Use: Scroll            |     6 |     1 |     2 ||     9
         Potion            |     1 |       |       ||     1
 Armour: Leather armour    |     8 |     4 |    15 ||    27
  Dodge: Dodged            |    13 |     7 |    24 ||    44
  Block: Other             |     8 |     2 |    11 ||    21

Table legend:
 A = Non-vault XP
 B = Vault XP
 C = Vault XP percentage of total XP
 D = Non-vault monster count
 E = Vault monster count
 F = Vault count percentage of total count
                 A         B        C        D         E       F
            +---------+---------+-------+---------+---------+-------
      Total |     317 |     642 |  66.9 |      57 |      18 |  24.0
            +---------+---------+-------+---------+---------+-------
        D:1 |      33 |       0 |   0.0 |      20 |       0 |   0.0
        D:2 |      27 |       3 |  10.0 |      12 |       2 |  14.3
        D:3 |      31 |     617 |  95.2 |       9 |      12 |  57.1
        D:4 |     226 |      22 |   8.9 |      16 |       4 |  20.0
            +---------+---------+-------+---------+---------+-------
